 Dungeon Crawl Stone Soup version 0.30-a0-672-gc3a7216ad8 (webtiles) character file.

Game seed: 14230478552094201422

92876 ragingrage the Convoker (level 16, -2/109 HPs)
             Began as an Octopode Summoner on Jan 19, 2023.
             Was an Initiate of Gozag.
             Slain by a radroach (24 damage)
             ... on level 3 of the Lair of Beasts.
             The game lasted 01:08:21 (35584 turns).

ragingrage the Convoker (Octopode Summoner)        Turns: 35584, Time: 01:08:22

Health: -2/109     AC: 20    Str: 15      XL:     16   Next: 7%
Magic:  0/38       EV: 23    Int: 29      God:    Gozag
Gold:   3483       SH:  0    Dex: 12 (13) Spells: 2/33 levels left

rFire   . . .      SeeInvis +    (weapon currently unavailable)
rCold   . . .      Faith    .    (shield currently unavailable)
rNeg    + . .      Spirit   .    (helmet currently unavailable)
rPois   ∞          Reflect  .    w - amulet of regeneration
rElec   +          Harm     .    o - ring of Ydeosyaf {rN+ Will+ SInv}
rCorr   +          Rampage  .    d - ring of poison resistance
Will    ++...                    s - ring of resist corrosion
Stlth   ++++                     X - ring of wizardry
HPRegen 1.18/turn                b - +6 ring of strength
MPRegen 0.26/turn                y - ring of magical power
                                 B - +4 ring of protection
                                 R - +6 ring of intelligence

@: storm-form, flying, very slightly contaminated, slowed, very slow
A: cleaving, insubstantial, flying, almost no armour, amphibious, 8 rings,
(camouflage 1), (gelatinous body 1), (nimble swimmer 1), (tentacles)
a: Blinkbolt, End Transformation, Renounce Religion, Potion Petition, Call
Merchant, Bribe Branch


You were on level 3 of the Lair of Beasts.
You worshipped Gozag.
Gozag was most pleased with you.
You were a lightning-filled tempest!
You visited 6 branches of the dungeon, and saw 26 of its levels.
You also visited: Gauntlet and Ice Cave.

You collected 7002 gold pieces.
You spent 2077 gold pieces at shops.
You paid 1442 gold pieces to Gozag.

Inventory:

Hand Weapons
 z - the +1 dagger "Heoptiga" (melded) {heavy, Str+3 Int+3 Stlth+}
   (You bought it in a shop on level 4 of the Dungeon)

   Str:       It affects your strength (+3).
   Int:       It affects your intelligence (+3).
   Stlth:     It makes you more stealthy.
 I - a +2 scimitar
 V - the +3 dagger of Totergheg {speed, rF+ Dex+2}
   (You found it in a Gauntlet)

   Dex:       It affects your dexterity (+2).
   rF:        It protects you from fire.
Missiles
 g - 5 atropa-tipped darts
 h - 30 poisoned darts
 k - 3 curare-tipped darts
 K - 7 throwing nets
 Y - 4 boomerangs of dispersal
Armour
 Z - a +2 hat (melded)
Jewellery
 b - a +6 ring of strength (on tentacle)
 d - a ring of poison resistance (right tentacle)
 o - the ring of Ydeosyaf (left tentacle) {rN+ Will+ SInv}
   (You found it in a Gauntlet)

   [ring of see invisible]

   rN:        It protects you from negative energy.
   SInv:      It lets you see invisible.
   Will:      It increases your willpower.
 s - a ring of resist corrosion (on tentacle)
 v - a +6 ring of dexterity
 w - an amulet of regeneration (around neck)
 y - a ring of magical power (on tentacle)
 B - a +4 ring of protection (on tentacle)
 L - a +4 ring of protection
 R - a +6 ring of intelligence (on tentacle)
 X - a ring of wizardry (on tentacle)
Wands
 j - a wand of charming (3)
 A - a wand of polymorph (15)
 D - a wand of mindburst (17)
 M - a wand of roots (9)
 U - a wand of flame (9)
Scrolls
 c - 2 scrolls of enchant weapon
 e - 11 scrolls of identify
 p - 2 scrolls of silence
 q - 4 scrolls of teleportation
 r - 3 scrolls of blinking
 x - 2 scrolls of torment
 C - 2 scrolls of fog
 E - 2 scrolls of poison
 F - 2 scrolls of magic mapping
 G - 2 scrolls of vulnerability
 J - 3 scrolls of immolation
 Q - 2 scrolls of fear
 T - a scroll of summoning
Potions
 a - 2 potions of magic
 i - 10 potions of curing
 l - 3 potions of heal wounds
 m - 3 potions of cancellation
 n - 3 potions of resistance
 t - a potion of haste
 u - 4 potions of invisibility
 H - a potion of mutation
 N - 4 potions of brilliance
 O - 3 potions of might
 P - 3 potions of flight
 S - a potion of lignification
Miscellaneous
 f - a tin of tremorstones (2/2)
 W - a lightning rod (4/4)


   Skills:
 - Level 10.0 Fighting
 - Level 5.0 Short Blades
 - Level 13.0 Dodging
 - Level 10.0 Stealth
 + Level 9.0 Spellcasting
 - Level 4.0 Hexes
 - Level 15.0 Summonings
 + Level 9.0 Transmutations
 - Level 4.0 Ice Magic
 + Level 11.5 Air Magic
 - Level 6.0 Evocations


You had 2 spell levels left.
You knew the following spells:

 Your Spells              Type           Power      Damage    Failure   Level
a - Summon Lightning Spi  Summ/Air       74%        N/A       1%          4
b - Summon Cactus Giant   Summ           39%        N/A       1%          6
c - Call Canine Familiar  Summ           79%        N/A       1%          3
d - Yara's Violent Unrav  Hex/Tmut       25%        3d11      3%          5
g - Tukima's Dance        Hex            36%        N/A       1%          3
h - Summon Guardian Gole  Hex/Summ       62%        N/A       1%          3
z - Storm Form            Tmut/Air       32%        N/A       21%         7

Your spell library contained the following spells:

 Spells                   Type           Power      Damage    Failure   Level
 Summon Small Mammal      Summ           100%       N/A       0%          1
 Call Imp                 Summ           79%        N/A       0%          2
 Freeze                   Ice            100%       1d10      1%          1
 Cigotuvi's Dreadful Rot  Necr/Pois/Air  70%        N/A       1%          2
 Lesser Beckoning         Tloc           26%        N/A       2%          2
 Scorch                   Fire           26%        2d6       2%          2
 Frozen Ramparts          Ice            72%        1d11      1%          3
 Kindle Blastsparks       Fire/Tloc/Air  70%        2d15      1%          3
 Ozocubu's Armour         Ice            36%        N/A       1%          3
 Vhi's Electric Charge    Tloc/Air       92%        N/A       1%          3
 Hailstorm                Conj/Ice       24%        3d7       2%          3
 Petrify                  Tmut/Erth      39%        N/A       2%          4
 Summon Forest            Summ/Tloc      27%        N/A       2%          5
 Arcjolt                  Conj/Air       23%        1d33      4%          5
 Fulminant Prism          Conj/Hex       12%        3d9       8%          4
 Metabolic Englaciation   Hex/Ice        18%        N/A       9%          5
 Dispel Undead            Necr           13%        3d9       16%         4
 Flame Wave               Conj/Fire      13%        2d6       16%         4
 Iskenderun's Mystic Bla  Conj/Tloc      13%        2d5       16%         4
 Passage of Golubria      Tloc           13%        N/A       16%         4
 Statue Form              Tmut/Erth      26%        N/A       36%         6
 Lee's Rapid Deconstruct  Erth           6%         3d6*      41%         5
 Malign Gateway           Summ/Tloc      27%        N/A       52%         7
 Maxwell's Capacitive Co  Air            34%        ∞         65%         8
 Death Channel            Necr           6%         N/A       91%         6
 Ozocubu's Refrigeration  Ice            18%        4d11      92%         7
 Dragon's Call            Summ           39%        N/A       96%         9


Dungeon Overview and Level Annotations

Branches:
Dungeon (15/15)            Temple (1/1) D:4            Lair (5/5) D:8
  Swamp (2/4) Lair:2       Spider (1/4) Lair:3        Slime (0/5) Lair:4
    Orc (2/2) D:11            Elf (0/3) Orc:2        Vaults (0/5) D:14
 Depths (0/4) D:15          IceCv (visited)         Gauntlet (visited)

Altars:
Ashenzari
Cheibriados
Dithmenos
Elyvilon
Fedhas
Gozag
Hepliaklqana
Kikubaaqudgha
Makhleb
Nemelex Xobeh
Okawaru
Qazlal
Ru
Sif Muna
Trog
Uskayaw
Vehumet
Wu Jian
Xom
Yredelemnul
Zin
The Shining One
Jiyva

Shops:
D:2 *   D:4 (   D:8 *:   D:11 (   Orc:1 *   Orc:2 ?*(:

Annotations:
D:3 exclusion: downstairs, Sigmund
D:4 2 transporters
D:5 Dowan, Duvessa
D:8 2 transporters
D:10 exclusion: downstairs
D:11 6 transporters
D:12 exclusion: 2 statues
D:13 exclusion: downstairs
Lair:4 3 runed translucent doors, bigduke15's ghost, journeyman FoFi


Innate Abilities, Weirdness & Mutations

You are a lightning-filled tempest!
Your electrical attacks strike out in all directions at once.
You are incredibly evasive.
Your insubstantial body is immune to petrification, constriction, and being set on fire You are flying.
You are immune to poison.
Your armour is entirely melded.
You are incapable of wielding weapons or throwing items.
You cannot wear most types of armour.
You are amphibious.
You can wear up to eight rings at the same time.
((Your skin changes colour to match your surroundings (Stealth+).))
((Your rubbery body absorbs attacks. (AC +1, EV +1)))
((You are camouflaged when in or above water. (Stealth+)))
((You have tentacles for arms and can constrict up to eight enemies at once.))


Message History

The ghost moth stares at you.
You feel your power leaking away. The ghost moth closely misses you.
The ghost moth hits you!
You feel clumsy. The ghost moth misses you. The radroach closely misses you.
The radroach claws you but does no damage.
There is a crawl-hole back to the Lair here.
Aiming: Charm
Press: ? - help, Shift-Dir - straight line, f - torpor snail
Aim: a torpor snail (chance to affect: 16%)
Okay, then.
Okay, then.
The ghost moth stares at you.
You feel your power leaking away. The ghost moth hits you.
The ghost moth closely misses you. The ghost moth completely misses you.
The torpor snail bites you! The radroach bites you!
The radroach claws you but does no damage.
You fly upwards.
Welcome back to the Lair of Beasts!
There is a hole to the Spider Nest here.
You batter the radroach!!
The radroach is moderately wounded.
You buffet the ghost moth!
You batter the torpor snail!! The ghost moth stares at you.
You feel your power leaking away. The ghost moth barely misses you.
The ghost moth completely misses you. x2
The radroach erupts in a fountain of uncontrolled magic!
You are blasted with magical radiation!!!
* * * LOW HITPOINT WARNING * * *
You are very lightly contaminated with residual magic.
The ghost moth stares at you.
You feel your power leaking away.
The ghost moth hits you but does no damage.
The ghost moth misses you.
The ghost moth stings you but does no damage.
The torpor snail completely misses you.
The radroach erupts in a fountain of uncontrolled magic!
You are blasted with magical radiation!!
You die...
Your body crumbles into a pile of gold.

##.......#########
#.........##.##P.#
##.........#.....#
##....^...###.^..#
#........^###....##
##...^..^##^#.....#
#......##^^^.....#
##......#^B^...^..#
#.....^..^v^......##
####...#...^yw^......#
#####.##..##^...#^^^....##
..........#^^^^..###....#
...........##^^...###...##
........>...###..........#
...............##.......##
..!....................##
................##..####


You could see a radroach, a ghost moth (invisible) and a torpor snail.

Vanquished Creatures
  2 centaur warriors
  Nergalle (D:11)
  A manticore (D:15)
  A black mamba (Lair:2)
  A rime drake (Lair:4)
  3 kobold demonologists (D:9)
  4 blink frogs
  A dream sheep (Lair:4)
  6 yaks
  2 wyverns
  3 culicivoras (Spider:1)
  2 humans (D:14)
  A steam dragon (D:8)
  A redback (Lair:3)
  A swamp worm (Swamp:1)
  2 hell hounds (Lair:5)
  A water moccasin (Lair:2)
  A sky beast (D:7)
  A swamp drake (Swamp:1)
  2 orc warriors (Orc:2)
  4 centaurs
  An ogre (Orc:2)
  A wolf (Lair:5)
  2 bullfrogs
  A necrophage (D:7)
  2 scorpions
  A killer bee (D:10)
  A howler monkey (D:5)
  A hound (D:6)
  An orc priest (Orc:2)
  6 orc wizards
  7 adders
  2 gnolls
  An ufetubus (D:5)
  A worm (D:5)
  2 dart slugs
  11 orcs
  3 bats
  An endoplasm (D:3)
  3 goblins
  A hobgoblin (D:3)
  3 ball pythons (D:3)
  A hobgoblin zombie (D:11)
  3 rats
97 creatures vanquished.

Vanquished Creatures (collateral kills)
  Frances (D:13)
  A minotaur (Gauntlet)
  A bunyip (Swamp:2)
  Snorg (Orc:1)
  An ettin (D:15)
  An entropy weaver (Gauntlet)
  Harold (Lair:1)
  A vault guard (D:14)
  6 hydras
  Erica (Lair:2)
  An ogre mage (D:15)
  A catoblepas (D:13)
  3 centaur warriors
  A tengu warrior (D:15)
  3 boulder beetles
  5 alligators
  4 two-headed ogres
  A fire crab (Lair:5)
  2 pharaoh ants (Spider:1)
  A goliath frog (Swamp:1)
  3 skeletal warriors (D:14)
  A swamp dragon (Swamp:1)
  2 deep trolls (D:15)
  2 bog bodies (Swamp:1)
  6 orc knights
  A steelbarb worm (Lair:3)
  A lindwurm (Lair:4)
  3 deep elf pyromancers
  3 wizards
  A necromancer (D:15)
  An ugly thing (D:11)
  A cyclops (D:10)
  2 manticores
  2 will-o-the-wisps
  Maurice (D:13)
  7 black mambas
  2 molten gargoyles (Lair:5)
  A demonic crawler (Spider:1)
  A gargoyle (D:11)
  7 cane toads
  5 komodo dragons
  A freezing wraith (D:14)
  2 kobold demonologists
  A bloated husk (Swamp:1)
  3 trolls
  A polar bear (D:8)
  A hornet (D:9)
  4 dream sheep
  2 tarantellas (Spider:1)
  8 blink frogs
  A jumping spider (Gauntlet)
  3 slime creatures (D:14)
  A culicivora (Spider:1)
  3 shadows (D:11)
  A vampire (D:11)
  A wraith (D:12)
  5 wyverns
  A yak (shapeshifter) (D:14)
  22 yaks
  9 humans (D:14)
  Grum (Lair:1)
  6 basilisks
  3 vampire mosquitoes (D:12)
  3 redbacks
  2 steam dragons
  10 wargs
  3 swamp worms
  An acid dragon (D:12)
  9 water moccasins
  28 orc warriors
  A hell hound (Lair:5)
  A swamp drake (Lair:2)
  4 ice beasts (D:8)
  3 black bears
  14 wolves
  7 centaurs
  4 ogres
  A kobold brigand (D:7)
  2 phantoms
  14 bullfrogs
  2 gnoll sergeants
  A necrophage (D:6)
  A two-headed ogre simulacrum (IceCv)
  3 scorpions
  A troll zombie (D:11)
  9 wights (D:9)
  9 killer bees
  An elephant simulacrum (IceCv)
  An electric eel (Lair:1)
  3 lava snakes (Lair:5)
  2 hounds
  3 jellies
  9 orc priests
  2 hell rats (Lair:1)
  16 orc wizards
  A spriggan simulacrum (IceCv)
  A wolf simulacrum (IceCv)
  5 ogre zombies
  9 adders
  11 gnolls
  3 shadow imps (Gauntlet)
  2 white imps (Gauntlet)
  2 ufetubi (IceCv)
  3 dart slugs
  61 orcs
  An endoplasm (D:2)
  A giant cockroach (D:4)
  A goblin (D:1)
  3 hobgoblins
  A nameless horror (D:9)
  3 ball pythons
  A bat (D:1)
  3 frilled lizards
  A goblin zombie (D:11)
  A hobgoblin skeleton (D:11)
  A hobgoblin zombie (D:11)
  9 kobolds
  5 orc skeletons (D:11)
  10 orc zombies (D:11)
479 creatures vanquished.

Vanquished Creatures (others)
  5 hydras
  2 anacondas (Lair:1)
  A centaur warrior (D:10)
  2 two-headed ogres
  2 tengu warriors (D:11)
  2 death yaks (Lair:1)
  A skeletal warrior (D:14)
  3 orc knights (Orc:2)
  2 wolf spiders (Spider:1)
  3 cane toads
  2 dancing weapons (Orc:2)
  A komodo dragon (Lair:5)
  A rime drake (D:8)
  2 trolls (Orc:2)
  A polar bear (Lair:1)
  13 yaks
  A basilisk (Lair:2)
  5 vampire mosquitoes
  2 swamp worms (Swamp:1)
  2 water moccasins
  2 wargs
  3 orc warriors
  6 wolves
  A bullfrog (Lair:3)
  A two-headed ogre simulacrum (IceCv)
  A killer bee (D:9)
  An orc priest (Orc:2)
  2 orc wizards
  4 orcs
  11 foxfires
  33 fungi
  41 plants
159 creatures vanquished.

Grand Total: 735 creatures vanquished

Notes
Turn   | Place    | Note
-------+----------+-------------------------------------------
     0 | D:1      | ragingrage the Octopode Summoner began the quest for the
                  | Orb.
     0 | D:1      | Reached XP level 1. HP: 11/11 MP: 3/3
   389 | D:1      | Reached XP level 2. HP: 17/17 MP: 3/5
   593 | D:1      | Learned a level 2 spell: Call Imp
  1088 | D:2      | Found Icraynes's Assorted Antiques.
  1096 | D:2      | Bought a cyan potion for 18 gold pieces
  1096 | D:2      | Bought a green potion for 18 gold pieces
  1446 | D:2      | Reached XP level 3. HP: 21/21 MP: 3/6
  1624 | D:2      | Learned a level 3 spell: Call Canine Familiar
  1823 | D:3      | Noticed Sigmund
  1920 | D:3      | Found a broken altar of Ashenzari.
  2336 | D:3      | Reached XP level 4. HP: 15/27 MP: 3/7
  2434 | D:3      | Reached skill level 5 in Summonings
  2737 | D:4      | Noticed a bullfrog
  2737 | D:4      | Noticed a black bear
  3064 | D:2      | Bought a steel ring for 100 gold pieces
  3077 | D:2      | Reached XP level 5. HP: 31/31 MP: 4/8
  3681 | D:4      | Reached skill level 5 in Stealth
  3681 | D:4      | Reached skill level 6 in Summonings
  3765 | D:4      | Found a transporter.
  3774 | D:4      | Found a transporter.
  3829 | D:4      | Reached XP level 6. HP: 34/36 MP: 4/9
  3894 | D:4      | Found a staircase to the Ecumenical Temple.
  3905 | Temple   | Entered the Ecumenical Temple
  3905 | Temple   | Found a transporter.
  3905 | Temple   | Found a transporter.
  3907 | Temple   | Found a transporter.
  3907 | Temple   | Found a transporter.
  3972 | D:4      | Noticed a black bear
  4019 | D:5      | Entered Level 5 of the Dungeon
  4021 | D:5      | Noticed Dowan
  4154 | D:5      | Reached skill level 7 in Summonings
  4465 | D:5      | Reached XP level 7. HP: 22/41 MP: 4/10
  4681 | D:5      | Learned a level 3 spell: Summon Guardian Golem
  4829 | D:5      | Found a stormy altar of Qazlal.
  4834 | D:5      | Found a shadowy altar of Dithmenos.
  4834 | D:5      | Found a burning altar of Makhleb.
  4847 | D:5      | Found a blossoming altar of Fedhas.
  4850 | D:5      | Found a glowing golden altar of the Shining One.
  5141 | D:5      | Noticed Duvessa
  5206 | D:5      | Reached skill level 1 in Hexes
  5584 | Temple   | Became a worshipper of Gozag Ym Sagoz the Greedy
  5659 | D:4      | Reached skill level 8 in Summonings
  5833 | D:4      | Reached XP level 8. HP: 36/46 MP: 8/11
  6273 | D:4      | Found Jukuleg's Antique Weapon Boutique.
  6345 | D:4      | Reached skill level 9 in Summonings
  7272 | D:4      | Bought a transparent dagger for 210 gold pieces
  7272 | D:4      | Identified the +1 dagger "Heoptiga" {heavy, Str+3 Int+3
                  | Stlth+} (You bought it in a shop on level 4 of the Dungeon)
  7347 | D:7      | Reached skill level 10 in Summonings
  7485 | D:7      | Reached XP level 9. HP: 32/51 MP: 6/12
  8297 | D:8      | Reached skill level 11 in Summonings
  8376 | D:8      | Found a transporter.
  8474 | D:8      | Noticed a rime drake
  8475 | D:8      | Noticed a kobold demonologist
  8743 | D:8      | Reached skill level 12 in Summonings
  8748 | D:8      | Killed a rime drake
  8804 | D:8      | Reached XP level 10. HP: 56/56 MP: 13/13
  8857 | D:8      | Found a staircase to the Lair.
  8983 | D:8      | Found a transporter.
  8985 | D:8      | Noticed a two-headed ogre
  9002 | D:8      | Killed a two-headed ogre
  9003 | D:8      | Reached skill level 5 in Short Blades
  9003 | D:8      | Reached skill level 13 in Summonings
  9460 | D:8      | Reached skill level 14 in Summonings
  9610 | D:8      | Learned a level 4 spell: Summon Lightning Spire
  9640 | D:9      | Noticed a centaur warrior
  9862 | D:9      | Reached skill level 1 in Fighting
  9862 | D:9      | Reached skill level 1 in Air Magic
 10347 | D:9      | Reached skill level 1 in Ice Magic
 10349 | D:9      | Reached XP level 11. HP: 63/63 MP: 14/14
 11422 | Lair:1   | Entered Level 1 of the Lair of Beasts
 11442 | Lair:1   | Reached skill level 5 in Dodging
 11934 | Lair:1   | Noticed a manticore
 11939 | Lair:1   | Noticed a seven-headed hydra
 12066 | Lair:1   | Noticed a seven-headed hydra
 12070 | Lair:1   | Killed a seven-headed hydra
 12101 | Lair:1   | Killed a manticore
 12325 | Lair:1   | Noticed an alligator
 12340 | Lair:1   | Killed an alligator
 12396 | Lair:1   | Learned a level 3 spell: Ozocubu's Armour
 12406 | Lair:1   | Noticed Grum
 12420 | Lair:1   | Killed Grum
 12502 | Lair:1   | Killed a seven-headed hydra
 12503 | Lair:1   | Reached XP level 12. HP: 72/72 MP: 18/18
 12565 | Lair:1   | Reached skill level 15 in Summonings
 12672 | Lair:1   | Noticed a death yak
 12672 | Lair:1   | Noticed a death yak
 12766 | Lair:1   | Killed a death yak
 12771 | Lair:1   | Reached skill level 5 in Spellcasting
 12774 | Lair:1   | Killed a death yak
 13063 | Lair:1   | Noticed Harold
 13078 | Lair:1   | Killed Harold
 13594 | Lair:1   | Noticed an anaconda
 13600 | Lair:1   | Noticed an anaconda
 13606 | Lair:1   | Killed an anaconda
 13609 | Lair:1   | Killed an anaconda
 13850 | Lair:2   | Reached skill level 5 in Air Magic
 13866 | Lair:2   | Reached skill level 5 in Fighting
 13905 | Lair:2   | Found a frozen archway.
 13917 | IceCv    | Entered an ice cave
 15483 | Lair:2   | Noticed Erica
 15489 | Lair:2   | Killed Erica
 15490 | Lair:2   | Reached skill level 10 in Stealth
 15580 | Lair:2   | Reached skill level 10 in Dodging
 15714 | Lair:2   | Found a staircase to the Swamp.
 16230 | Lair:3   | Reached XP level 13. HP: 81/81 MP: 19/20
 16422 | Lair:3   | Reached skill level 1 in Evocations
 16616 | Lair:3   | Noticed Sonja
 16617 | Lair:3   | Sonja changed into Sonja the raiju
 16617 | Lair:3   | Noticed Sonja
 16621 | Lair:3   | Sonja the raiju changed into Sonja the steelbarb worm
 16621 | Lair:3   | Noticed Sonja
 16631 | Lair:3   | Killed Sonja the steelbarb worm
 16782 | Lair:3   | Found a hole to the Spider Nest.
 17451 | Lair:4   | Noticed bigduke15's ghost (journeyman FoFi)
 17453 | Lair:4   | Noticed a minotaur
 17948 | Lair:4   | Found a viscous altar of Jiyva.
 17948 | Lair:4   | Found a staircase to the Slime Pits.
 18094 | Lair:4   | Found a hide-covered altar of Uskayaw.
 18723 | Lair:4   | Found a runed translucent gate.
 18724 | Lair:4   | Found a runed translucent gate.
 18725 | Lair:4   | Found a runed translucent gate.
 19332 | Lair:5   | Entered Level 5 of the Lair of Beasts
 20618 | Lair:5   | HP: 1/84 [eight-headed hydra (12)]
 21494 | Lair:5   | Reached skill level 5 in Evocations
 21552 | Lair:5   | Reached XP level 14. HP: 92/92 MP: 22/24
 22361 | D:8      | Learned a level 5 spell: Yara's Violent Unravelling
 22720 | D:10     | Entered Level 10 of the Dungeon
 22874 | D:10     | Reached skill level 1 in Transmutations
 22978 | D:10     | Noticed an angel
 22979 | D:10     | Found a glowing silver altar of Zin.
 23331 | D:10     | Identified the +2 pair of boots "Putwiq" {*Slow MP+9 Dex+3
                  | SInv}
 24447 | D:11     | Found Fior's Antique Weapon Emporium.
 24927 | D:11     | Found a staircase to the Orcish Mines.
 25065 | D:11     | Noticed Nergalle
 26134 | D:11     | Killed Nergalle
 26540 | D:11     | Found a transporter.
 26544 | D:11     | Found a transporter.
 26568 | D:11     | Found a transporter.
 26652 | D:11     | Found a transporter.
 26675 | D:11     | Found a transporter.
 26677 | D:11     | Found a transporter.
 26878 | D:11     | Learned a level 3 spell: Tukima's Dance
 26931 | Orc:1    | Entered Level 1 of the Orcish Mines
 27154 | Orc:1    | Found Riogrir's General Store.
 27173 | Orc:1    | Bought a potion of heal wounds for 70 gold pieces
 27179 | Orc:1    | Noticed Snorg
 27193 | Orc:1    | Killed Snorg
 27386 | Orc:2    | Entered Level 2 of the Orcish Mines
 27604 | Orc:2    | Found a staircase to the Elven Halls.
 28757 | Orc:2    | Found Jaesmin's Assorted Antiques.
 28757 | Orc:2    | Found Itouf's Magic Scroll Shop.
 28764 | Orc:2    | Bought a scroll of summoning for 95 gold pieces
 28835 | Orc:2    | Bought a warped arbalest for 294 gold pieces
 28835 | Orc:2    | Identified the +6 arbalest of the Bright God {antimagic,
                  | +Blink} (You bought it in a shop on level 2 of the Orcish
                  | Mines)
 29007 | Orc:2    | Found Dantud's Book Shoppe.
 29007 | Orc:2    | Found Ohirhen's Weapon Shop.
 29016 | Orc:2    | Bought a book of Scorching for 480 gold pieces
 29023 | Orc:2    | Learned a level 6 spell: Summon Cactus Giant
 29568 | D:8      | Bought a book of the Sky for 792 gold pieces
 29742 | Swamp:1  | Entered Level 1 of the Swamp
 29756 | Swamp:1  | Reached XP level 15. HP: 101/101 MP: 24/27
 30103 | Spider:1 | Entered Level 1 of the Spider Nest
 30116 | Spider:1 | Reached skill level 5 in Transmutations
 30443 | D:13     | Noticed Maurice
 30449 | D:13     | Killed Maurice
 30451 | D:13     | Found a gate leading to a gauntlet.
 30464 | Gauntlet | Entered a Gauntlet
 30464 | Gauntlet | Found a transporter.
 30504 | Gauntlet | Found a transporter.
 30520 | Gauntlet | Found a transporter.
 30524 | Gauntlet | Found a transporter.
 30534 | Gauntlet | Found a transporter.
 30553 | Gauntlet | Found a runed translucent gate.
 30554 | Gauntlet | Found a transporter.
 30554 | Gauntlet | Found a runed translucent gate.
 30557 | Gauntlet | Found a transporter.
 30561 | Gauntlet | Found a transporter.
 30568 | Gauntlet | Found a runed translucent gate.
 30588 | Gauntlet | Found a transporter.
 30605 | Gauntlet | Found a transporter.
 30609 | Gauntlet | Found a transporter.
 30617 | Gauntlet | Found a transporter.
 30737 | Gauntlet | Identified the ring of Ydeosyaf {rN+ Will+ SInv}
 30907 | Gauntlet | Identified the +8 scale mail of Action {rPois rC+ Int+4
                  | Dex-2}
 30953 | Gauntlet | Identified the +3 dagger of Totergheg {speed, rF+ Dex+2}
 30953 | Gauntlet | Identified the +1 cloak of Hem Heet {rF+ rC+ MP+9 Stlth-}
 30961 | Gauntlet | Got the Spellbook of the Singularity
 31168 | D:13     | Noticed Frances
 32123 | D:13     | Killed Frances
 32124 | D:13     | Reached skill level 10 in Fighting
 32854 | D:14     | Got the Writings on Refrigeration and the Entourage
 32865 | D:14     | Found a gate to the Vaults.
 32951 | D:14     | Reached skill level 10 in Air Magic
 33524 | D:15     | Entered Level 15 of the Dungeon
 33981 | D:15     | Found a staircase to the Depths.
 34602 | D:15     | Learned a level 7 spell: Storm Form
 35381 | Swamp:2  | Reached XP level 16. HP: 109/109 MP: 28/29
 35584 | Lair:3   | Slain by a radroach

Illustrated notes

Levels and vault maps discovered:
D:1:      dpeg_arrival_circle_labyrinth_a, layout_basic
D:2:      layout_loops_ring, serial_shops, shop
D:3:      layout_loops_ring, lemuel_doored_altar, minmay_snake_closets,
          uniq_sigmund
D:4:      gammafunk_steamed_eel, layout_cave_pods, minmay_temple_entry_waves,
          serial_shops, kennysheep_mini
D:5:      layout_basic, minmay_overflow_temple_star_hex, uniq_duvessa
D:6:      layout_gridville
D:7:      layout_basic, hangedman_glass_teeth
D:8:      gammafunk_wand_slinger, layout_rooms, hellmonk_lair_entry_icy,
          st_stairs_3, minmay_misc_feat_x, dk_noncrumbling_3
D:9:      layout_cave_pools
D:10:     layout_long_grid, zin_angel
D:11:     layout_roguey, zombieorc1_lemuel, serial_shops, shop,
          serial_nicolae_subway, nicolae_sub_station_stone,
          nicolae_sub_station_crystal, nicolae_sub_station_metal, uniq_nergalle
D:12:     layout_basic, minmay_dual_archer_statues
D:13:     layout_gridville, gauntlet_entry_generic, uniq_maurice, uniq_frances
D:14:     layout_rooms, ximxim_vaults_locker_room, nrook_mini_backslash,
          amcnicky_mini_corridor_feature, chequers_serial_rivers_micro_b
D:15:     hangedman_depths_entry_civil_slaughter, layout_loops_ring,
          minivault_27
Temple:   hellmonk_temple_divided_pantheon
Lair:1:   layout_gridlike, nicolae_lair_lakeside_cave, serial_bayou_shore_b,
          uniq_harold, uniq_grum
Lair:2:   layout_regular_city, minmay_swamp_entry_reptiles,
          portal_ice_cave_entry_pillars_1, minmay_holes, lemuel_fruit_tree,
          uniq_erica
Lair:3:   layout_big_grid, spider_nest_entry_webs, uniq_sonja
Lair:4:   layout_long_grid, slime_entry_1, maelrawn_ghost_gauntlet_escape,
          lemuel_centaur_altar
Lair:5:   cheibrodos_lair_end_hotspot, layout_cave_pods,
          nicolae_lair_liquid_snakes
Swamp:1:  layout_basic_swamp, evilmike_swamp_ruin_house_4
Swamp:2:  layout_falls_marsh, hangedman_swamp_lotus, swamp_pool4,
          nicolae_swamp_necromancy_gone_wrong
Spider:1: layout_spider_delve, nicolae_spider_shape
Orc:1:    layout_caves, serial_shops, shop, uniq_snorg
Orc:2:    st_orc_town, layout_caves

Skill      XL: |  1  2  3  4  5  6  7  8  9 10 11 12 13 14 15 16 |
---------------+-------------------------------------------------+-----
Stealth        | 3 4 5 7 10 | 10.0
Summonings     | 5 6 7 8 10 12 14 15 | 15.0
Dodging        | 3 4 6 11 13 | 13.0
Hexes          | 2 4 |  4.0
Short Blades   | 4 5 |  5.0
Fighting       | 1 3 5 7 9 10 | 10.0
Air Magic      | 1 3 5 7 8 11 | 11.5
Ice Magic      | 1 3 4 |  4.0
Spellcasting   | 4 5 6 8 9 |  9.0
Evocations     | 5 6 |  6.0
Transmutations | 4 8 9 |  9.0

Action                   |  1- 3 |  4- 6 |  7- 9 | 10-12 | 13-15 | 16-18 || total
-------------------------+-------+-------+-------+-------+-------+-------++-------
Melee: Unarmed           |     6 |       |       |       |     5 |     1 ||    12
       Constrict         |     6 |     5 |    12 |    18 |    28 |       ||    69
       Tentacles         |     4 |     4 |    10 |    29 |    46 |       ||    93
       Dagger            |     4 |       |    11 |    99 |   147 |       ||   261
       Falchion          |     2 |       |       |       |       |       ||     2
       Rapier            |    12 |    33 |    30 |       |       |       ||    75
       Punch             |       |     3 |       |     4 |     1 |       ||     8
 Cast: Summon Small Mamm |    19 |     2 |     5 |     5 |       |       ||    31
       Call Imp          |    13 |     7 |    13 |     8 |       |       ||    41
       Call Canine Famil |     4 |    15 |    30 |    57 |   152 |     1 ||   259
       Summon Guardian G |       |       |     2 |    51 |   115 |       ||   168
       Summon Lightning  |       |       |       |    58 |   164 |     1 ||   223
       Ozocubu's Armour  |       |       |       |     1 |     2 |       ||     3
       Tukima's Dance    |       |       |       |       |    24 |       ||    24
       Summon Cactus Gia |       |       |       |       |    50 |     2 ||    52
       Yara's Violent Un |       |       |       |       |     2 |       ||     2
       Storm Form        |       |       |       |       |     1 |     1 ||     2
Invok: Call Merchant     |       |       |       |       |     2 |       ||     2
Evoke: Wand              |       |       |       |     3 |     7 |       ||    10
  Use: Scroll            |     4 |     3 |     2 |     9 |    13 |       ||    31
       Potion            |       |     2 |       |     3 |     2 |       ||     7
 Stab: Sleeping          |     5 |     3 |    10 |     2 |     9 |       ||    29
       Distracted        |       |       |     1 |     2 |     6 |       ||     9
Armor: Skin              |     5 |     8 |     1 |    50 |    48 |     5 ||   117
Dodge: Dodged            |    25 |    28 |    44 |   152 |   339 |    15 ||   603

Table legend: (Time is in decaauts)
 A = Elapsed time spent in this place.
 B = Non-inter-level travel time spent in this place.
 C = Inter-level travel time spent in this place.
 D = Time resting spent in this place.
 E = Time spent auto-exploring this place.
 F = Levels seen in this place.
 G = Mean time per level.
                   A        B        C        D        E       F      G
               +--------+--------+--------+--------+--------+-----+--------+
         Total |  35655 |  33048 |   2607 |  11300 |  15170 |  28 | 1273.4 |
       Dungeon |  20060 |  18387 |   1673 |   5554 |   9228 |  15 | 1337.3 |
        Temple |     77 |     46 |     31 |      0 |      0 |   1 |   77.0 |
          Lair |  10183 |   9476 |    707 |   3697 |   4136 |   5 | 2036.6 |
         Swamp |    849 |    746 |    103 |    285 |    292 |   2 |  424.5 |
   Spider Nest |     27 |     27 |      0 |      0 |      0 |   1 |   27.0 |
  Orcish Mines |   2624 |   2531 |     93 |    629 |   1243 |   2 | 1312.0 |
      Ice Cave |   1243 |   1243 |      0 |    992 |     44 |   1 | 1243.0 |
      Gauntlet |    590 |    590 |      0 |    143 |    227 |   1 |  590.0 |
               +--------+--------+--------+--------+--------+-----+--------+

Top non-repeatable levels by time:
  Lair:4: 2551 daAuts
  Lair:1: 2368 daAuts
  Lair:5: 2346 daAuts
    D:11: 2026 daAuts
     D:9: 1956 daAuts
     D:4: 1784 daAuts
   Orc:2: 1741 daAuts
     D:8: 1734 daAuts
    D:12: 1664 daAuts
     D:5: 1596 daAuts
  Lair:2: 1463 daAuts
  Lair:3: 1453 daAuts
    D:10: 1437 daAuts
   IceCv: 1243 daAuts
    D:15: 1185 daAuts
